AoeStats
← りしれ供さ小

Arabia

510488464Analyzed
4v4 RM · 23h ago on Oct 1, 2026· 60m 21s· 8 players
Game mode
Random Map
Map size
Large (8 player)
Population
200
Speed
Normal
Resources
Standard
Victory
Conquest
Starting age
Dark Age
Ending age
Imperial Age
RankedLock teamsTeams togetherTeam positionsShared explorationLock speedFull tech treeHidden civsTurbo modeCheats
Victory
Defeat
🇵🇱 Poles · Poland
979
+12
🇺🇸 Goths · United States
965
+13
🇮🇹 Italians · Italy
959
+13
🇬🇧 Byzantines · United Kingdom
949
+14
🇨🇳 Mongols · China
935
-14
🇹🇼 Wei · Taiwan
890
-13
🇹🇼 Vietnamese · Taiwan
890
-13
🇹🇼 Varangians · Taiwan
881
-12
wkl
5:21 Loom
11:32 Feudal Age
14:56 Horse Collar
15:04 Double-Bit Axe
21:01 Castle Age
19:31 Gold Mining
20:27 Stone Mining
22:59 Bow Saw
23:26 Heavy Plow
25:58 Gold Shaft Mining
25:58 Stone Shaft Mining
32:46 Imperial Age
31:18 Wheelbarrow
33:07 Hand Cart
32:37 Town Watch
34:29 Town Patrol
37:03 Bloodlines
36:13 Light Cavalry
36:54 Husbandry
36:51 Fletching
37:11 Forging
37:02 Scale Mail Armor
37:03 Padded Archer Armor
37:09 Scale Barding Armor
40:13 Iron Casting
39:34 Bodkin Arrow
40:51 Stone Shaft Mining
41:55 Hussar
42:01 Elite Steppe Lancer
43:52 Bracer
44:53 Blast Furnace
44:10 Leather Archer Armor
44:10 Chain Mail Armor
44:17 Chain Barding Armor
45:06 Elite Mangudai
49:53 Conscription
50:09 Plate Mail Armor
57:15 Elite Skirmisher
57:57 Imperial Skirmisher
58:03 Imperial Skirmisher
58:13 Heavy Cavalry Archer
59:18 Parthian Tactics
りしれ供さ小
7:08 Loom
9:50 Feudal Age
10:24 Double-Bit Axe
10:45 Horse Collar
20:33 Castle Age
19:09 Scale Barding Armor
19:34 Gold Mining
19:34 Stone Mining
20:13 Bloodlines
20:16 Fletching
21:20 Husbandry
21:25 Light Cavalry
24:50 Padded Archer Armor
26:44 Wheelbarrow
27:21 Town Watch
30:23 Hand Cart
30:13 Heavy Plow
30:55 Town Patrol
31:32 Thumb Ring
33:40 Chain Barding Armor
33:16 Bodkin Arrow
34:22 Leather Archer Armor
34:18 Forging
38:01 Iron Casting
37:45 Bow Saw
40:55 Sanctity
41:15 Tuntian
42:09 Fervor
43:17 Ballistics
42:53 Murder Holes
42:38 Treadmill Crane
46:59 Imperial Age
47:04 Hussar
47:04 Heavy Hei Guang Cavalry
48:11 Parthian Tactics
48:40 Bracer
49:11 Ring Archer Armor
49:41 Blast Furnace
48:43 Scale Mail Armor
50:26 Conscription
52:58 Crop Rotation
53:05 Gold Shaft Mining
53:05 Stone Shaft Mining
57:32 Capped Ram
57:35 Heavy Scorpion
武安侯
10:56 Feudal Age
9:12 Loom
11:06 Man-at-Arms
19:43 Castle Age
18:21 Horse Collar
18:42 Gold Mining
19:48 Forging
20:19 Scale Mail Armor
21:35 Squires
21:21 Gambesons
22:06 Double-Bit Axe
25:01 Iron Casting
26:17 Chain Mail Armor
32:31 Arson
37:11 Fletching
37:58 Wheelbarrow
38:36 Murder Holes
38:23 Treadmill Crane
39:16 Bow Saw
40:04 Stone Mining
44:57 Heavy Plow
56:23 Imperial Age
56:20 Hand Cart
沒讀書嘛
8:39 Loom
11:29 Feudal Age
22:34 Castle Age
22:48 Double-Bit Axe
40:10 Wheelbarrow
40:18 Pikeman
40:59 Squires
45:31 Chatras
46:02 Bow Saw
50:38 Fletching
50:48 Padded Archer Armor
52:09 Bodkin Arrow
52:30 Leather Archer Armor
55:23 Ballistics
54:44 Treadmill Crane
giancarlo7
10:57 Feudal Age
13:18 Man-at-Arms
16:35 Scale Mail Armor
20:49 Castle Age
19:44 Double-Bit Axe
19:43 Horse Collar
21:15 Wheelbarrow
21:10 Forging
21:09 Stone Mining
22:09 Gold Mining
22:54 Scale Barding Armor
23:25 Bow Saw
27:06 Szlachta Privileges
31:09 Imperial Age
29:06 Husbandry
35:39 Conscription
36:13 Cavalier
38:36 Hand Cart
41:03 Iron Casting
40:44 Chain Mail Armor
44:37 Chain Barding Armor
46:50 Plate Mail Armor
47:58 Heavy Plow
48:20 Light Cavalry
49:10 Bloodlines
53:22 Winged Hussar
Spicy Boy
0:27 Loom
11:30 Feudal Age
12:53 Wheelbarrow
12:04 Town Watch
16:57 Fletching
18:30 Horse Collar
28:42 Castle Age
26:40 Double-Bit Axe
30:35 Bow Saw
33:46 Hand Cart
34:57 Bodkin Arrow
37:26 Town Patrol
38:27 Heavy Plow
41:10 Forging
41:01 Scale Mail Armor
40:55 Gold Mining
40:59 Stone Mining
41:15 Squires
40:38 Pikeman
42:41 Iron Casting
44:16 Chain Mail Armor
51:14 Imperial Age
51:24 Stone Shaft Mining
53:01 Blast Furnace
52:33 Crop Rotation
53:04 Two-Man Saw
52:09 Perfusion
52:30 Conscription
52:56 Bracer
52:36 Halberdier
54:10 Murder Holes
54:25 Masonry
54:37 Ballistics
55:17 Chemistry
53:58 Treadmill Crane
60:12 Anarchy
59:45 Elite Huskarl
Johnny Nutmeg
7:05 Loom
10:26 Feudal Age
11:01 Double-Bit Axe
12:43 Fletching
14:34 Padded Archer Armor
17:42 Wheelbarrow
19:28 Horse Collar
24:32 Castle Age
22:28 Gold Mining
23:35 Stone Mining
24:26 Scale Barding Armor
24:36 Crossbowman
25:25 Thumb Ring
25:33 Bodkin Arrow
28:23 Ballistics
28:54 Leather Archer Armor
29:50 Elite Skirmisher
31:52 Bow Saw
32:57 Husbandry
35:58 Forging
36:10 Chain Barding Armor
37:44 Iron Casting
40:57 Imperial Age
41:05 Heavy Camel Rider
43:00 Conscription
44:17 Chemistry
44:04 Plate Barding Armor
43:33 Bracer
44:37 Heavy Plow
50:13 Plate Barding Armor
50:08 Ring Archer Armor
52:56 Murder Holes
54:05 Scale Mail Armor
55:11 Gold Shaft Mining
55:00 Hand Cart
55:59 Arbalester
59:24 Cavalier
avvo90
9:47 Feudal Age
10:33 Double-Bit Axe
10:32 Horse Collar
12:33 Man-at-Arms
20:36 Loom
23:36 Castle Age
22:40 Gold Mining
22:44 Stone Mining
26:25 Elite Skirmisher
45:11 Imperial Age
44:58 Murder Holes
45:30 Ballistics
48:50 Bow Saw
50:05 Chemistry
55:12 Fletching
56:29 Heavy Plow
60:14 Padded Archer Armor
Connection lost

Rejoining the realm…

Still unreachable

The connection could not be restored.

Session expired

The server has moved on; the page needs a fresh start.